AoeStats
← domiknocker

Arena

510278823Analyzed
4v4 RM · 1d ago on Sep 30, 2026· 40m 59s· 8 players
Game mode
Random Map
Map size
Large (8 player)
Population
200
Speed
Normal
Resources
Standard
Victory
Conquest
Starting age
Dark Age
Ending age
Imperial Age
RankedLock teamsTeams togetherTeam positionsShared explorationLock speedFull tech treeHidden civsTurbo modeCheats
Victory
Defeat
🇨🇱 Huns · Chile
1057
+13
🇬🇧 Wu · United Kingdom
919
+19
🇫🇷 Vietnamese · France
897
+20
🇭🇰 Spanish · Hong Kong SAR China
894
+20
🇨🇳 Franks · China
1016
-19
🇦🇷 Poles · Argentina
1002
-19
🇦🇺 Magyars · Australia
995
-18
🇨🇳 Lithuanians · China
940
-16
you go die
11:54 Feudal Age
13:22 Double-Bit Axe
16:34 Castle Age
14:31 Gold Mining
14:49 Stone Mining
15:44 Horse Collar
16:23 Forging
18:11 Loom
19:01 Wheelbarrow
20:09 Heavy Plow
21:58 Hand Cart
22:12 Bow Saw
30:06 Imperial Age
28:34 Ballistics
27:55 Treadmill Crane
28:07 Town Watch
28:37 Scale Barding Armor
28:33 Scale Mail Armor
29:08 Iron Casting
29:38 Chain Barding Armor
29:40 Bloodlines
29:54 Szlachta Privileges
30:55 Husbandry
30:21 Cavalier
32:36 Chemistry
35:28 Blast Furnace
34:44 Chain Mail Armor
34:19 Fletching
34:30 Padded Archer Armor
34:09 Elite Obuch
36:31 Light Cavalry
38:09 Plate Mail Armor
39:13 Lechitic Legacy
伐木人
1:08 Loom
1:27 Loom
11:09 Feudal Age
12:44 Loom
15:28 Castle Age
14:06 Double-Bit Axe
16:36 Wheelbarrow
22:06 Horse Collar
26:33 Bow Saw
31:35 Imperial Age
29:40 Gold Mining
29:57 Treadmill Crane
32:00 Forging
31:50 Scale Mail Armor
31:41 Fletching
33:25 Two-Man Saw
32:16 Pikeman
32:57 Squires
32:22 Cavalier
33:02 Husbandry
33:56 Stone Mining
33:46 Halberdier
34:48 Fortified Wall
36:49 Conscription
36:34 Tower Shields
36:55 Tower Shields
bethanybeauty15060
11:05 Feudal Age
9:21 Loom
15:40 Castle Age
14:20 Double-Bit Axe
16:39 Bow Saw
18:37 Wheelbarrow
21:53 Town Watch
22:42 Hand Cart
24:41 Gold Mining
28:52 Imperial Age
27:25 Fortified Wall
27:26 Stone Mining
28:13 Gold Shaft Mining
27:43 Husbandry
29:05 Cavalier
29:57 Scale Barding Armor
32:30 Conscription
33:00 Paladin
34:17 Chain Barding Armor
34:08 Forging
35:12 Chivalry
36:26 Iron Casting
36:27 Plate Barding Armor
40:50 Blast Furnace
domiknocker
9:59 Feudal Age
10:50 Double-Bit Axe
18:26 Castle Age
16:26 Gold Mining
18:10 Stone Mining
18:54 Fletching
19:41 Horse Collar
22:53 Loom
24:05 Bodkin Arrow
24:33 Bow Saw
Actiweed1
0:27 Loom
12:57 Feudal Age
13:23 Horse Collar
14:21 Wheelbarrow
13:40 Double-Bit Axe
22:10 Castle Age
20:26 Fletching
20:36 Padded Archer Armor
21:12 Stone Mining
21:13 Gold Mining
23:15 Hand Cart
22:46 Town Watch
23:03 Heavy Plow
23:17 Bow Saw
22:54 Crossbowman
27:26 Ballistics
28:11 Leather Archer Armor
31:21 Thumb Ring
35:17 Imperial Age
33:35 Bodkin Arrow
33:56 Pikeman
34:37 Squires
34:44 Arson
37:06 Two-Man Saw
35:37 Halberdier
38:00 Crop Rotation
37:34 Town Patrol
37:48 Forging
37:38 Scale Mail Armor
38:09 Ring Archer Armor
37:39 Bracer
38:13 Elite Rattan Archer
39:47 Iron Casting
39:27 Chain Mail Armor
39:23 Bracer
40:11 Fortified Wall
41:04 Chemistry
40:17 Masonry
40:06 Murder Holes
Don Wea
10:12 Feudal Age
9:47 Loom
14:36 Castle Age
13:08 Double-Bit Axe
24:02 Gold Mining
23:53 Horse Collar
24:26 Bow Saw
24:55 Heavy Plow
25:34 Gold Shaft Mining
25:44 Forging
25:40 Scale Barding Armor
26:45 Wheelbarrow
29:05 Imperial Age
27:20 Iron Casting
27:45 Hand Cart
28:08 Chain Barding Armor
30:00 Marauders
29:20 Elite Tarkan
30:20 Conscription
31:01 Blast Furnace
30:37 Plate Barding Armor
31:05 Two-Man Saw
30:34 Husbandry
30:56 Bloodlines
Horahlooks
11:43 Feudal Age
16:00 Castle Age
14:34 Horse Collar
14:42 Double-Bit Axe
17:18 Bow Saw
20:43 Light Cavalry
21:34 Bloodlines
23:29 Wheelbarrow
22:39 Loom
23:13 Town Watch
26:37 Heavy Plow
26:29 Gold Mining
26:19 Pikeman
27:43 Bloodlines
28:23 Scale Barding Armor
28:28 Forging
32:10 Imperial Age
30:57 Hand Cart
30:46 Scale Mail Armor
31:22 Iron Casting
32:29 Chain Mail Armor
32:11 Stone Mining
32:26 Halberdier
33:07 Squires
35:13 Blast Furnace
36:35 Plate Mail Armor
37:50 Conscription
38:02 Sitting Tiger
39:51 Husbandry
39:12 Hussar
John Rambo
4:34 Loom
10:50 Feudal Age
12:09 Horse Collar
18:03 Castle Age
19:49 Double-Bit Axe
21:03 Forging
20:58 Scale Barding Armor
25:32 Scale Barding Armor
29:01 Iron Casting
30:54 Chain Barding Armor
35:25 Imperial Age
34:22 Murder Holes
34:48 Ballistics
38:08 Blast Furnace
37:44 Plate Barding Armor
37:25 Heavy Plow
37:37 Bow Saw
38:17 Elite Conquistador
40:12 Chemistry
39:50 Scale Mail Armor
Connection lost

Rejoining the realm…

Still unreachable

The connection could not be restored.

Session expired

The server has moved on; the page needs a fresh start.